 Dungeon Crawl Stone Soup version 0.30-b1-2-g02819fbbbe (webtiles) character file.

Game seed: 176685418933431007

136123 decrepitude the Warrior (level 17, 0/133 HPs)
             Began as a Djinni Earth Elementalist on May 18, 2023.
             Was the Champion of Makhleb.
             Shot with an arrow by a satyr (28 damage)
             ... on level 4 of the Shoals.
             The game lasted 01:00:43 (27147 turns).

decrepitude the Warrior (DjEE)                     Turns: 27147, Time: 01:00:44

Health: 0/133      AC: 19    Str:  3    XL:     17   Next: 79%
Gold:   2793       EV: 11    Int: 30    God:    Makhleb [******] SH:  0 Dex: 13

rFire   + + .        c - +2 short sword (venom)
rCold   + . .        (no shield)
rNeg    . . .        b - +4 ring mail {rC+}
rPois   ∞            m - +0 helmet
rElec   .            H - +2 cloak of Bauh {Rampage rPois Regen+ Dex-2}
rCorr   .            I - +0 pair of gloves of Generosity {rC+ Str-4 SInv}
SInv    +            (boots unavailable)
Will    +....        e - amulet of regeneration
Stlth   ++           y - ring "Goshast" {Wiz Drain Will++ SInv Stlth+}
HPRegen 2.02/turn    v - +6 ring of intelligence
MPRegen 0.00/turn

%: rampage, wizardry (x1), infuse magic (-1 HP)
@: weak-willed, flying
A: sickness immunity, fire resistance 2, cold vulnerability 1, float, innate
caster, HP casting, extra vitality 1
a: Renounce Religion, Minor Destruction, Lesser Servant of Makhleb, Major
Destruction, Greater Servant of Makhleb


You were on level 4 of the Shoals.
You worshipped Makhleb.
Makhleb was exalted by your worship.
You visited 5 branches of the dungeon, and saw 26 of its levels.
You also visited: Sewer, Gauntlet, Ice Cave and Volcano.

You collected 3913 gold pieces.
You spent 1120 gold pieces at shops.

Inventory:

Hand Weapons
 c - a +2 short sword of venom (weapon)
Missiles
 i - 7 curare-tipped darts
 O - 3 throwing nets
Armour
 b - a +4 ring mail of cold resistance (worn)
 m - a +0 helmet (worn)
 H - the +2 cloak of Bauh (worn) {Rampage rPois Regen+ Dex-2}
   (You found it in a Gauntlet)

   Dex:       It affects your dexterity (-2).
   rPois:     It protects you from poison.
   Regen:     It increases your rate of health regeneration.
   Rampage:   It bestows one free step when moving towards enemies.
 I - the +0 pair of gloves of Generosity (worn) {rC+ Str-4 SInv}
   (You found it in a Gauntlet)

   Str:       It affects your strength (-4).
   rC:        It protects you from cold.
   SInv:      It lets you see invisible.
Jewellery
 e - an amulet of regeneration (around neck)
 v - a +6 ring of intelligence (right hand)
 y - the ring "Goshast" (left hand) {Wiz Drain Will++ SInv Stlth+}
   (You bought it in a shop on level 1 of the Orcish Mines)

   [ring of wizardry]

   It improves your spell success rate.
   SInv:      It lets you see invisible.
   Drain:     It drains your maximum health when unequipped.
   Will:      It greatly increases your willpower.
   Stlth:     It makes you more stealthy.
Wands
 g - a wand of polymorph (29)
 n - a wand of mindburst (24)
 z - a wand of paralysis (22)
 B - a wand of flame (37)
 C - a wand of digging (12)
 D - a wand of iceblast (26)
 Q - a wand of quicksilver (2)
Scrolls
 d - 11 scrolls of teleportation
 h - 5 scrolls of vulnerability
 p - 7 scrolls of poison
 q - 6 scrolls of blinking
 t - 2 scrolls of immolation
 u - 8 scrolls of enchant armour
 w - a scroll of brand weapon
 E - 5 scrolls of enchant weapon
 F - 2 scrolls of torment
 J - 3 scrolls of fear
 K - a scroll of summoning
 M - a scroll of silence
 R - 5 scrolls of magic mapping
 V - 2 scrolls of fog
Potions
 a - 10 potions of curing
 f - 2 potions of ambrosia
 j - a potion of mutation
 k - 4 potions of heal wounds
 l - a potion of resistance
 o - 5 potions of berserk rage
 r - 2 potions of cancellation
 s - 5 potions of attraction
 A - 2 potions of might
 G - 4 potions of brilliance
 L - 2 potions of lignification
 S - a potion of experience
 T - 3 potions of haste
Miscellaneous
 N - a phantom mirror
 P - a phial of floods


   Skills:
 + Level 16.1 Fighting
 + Level 14.1 Armour
 + Level 12.2 Dodging
 - Level 1.5 Stealth
 + Level 15.3 Spellcasting


You knew the following spells:

 Your Spells              Type           Power      Damage    Failure   Level
a - Sandblast             Erth           100%       2d20      0%          1
b - Passwall              Tmut/Erth      71%        N/A       1%          2
c - Summon Cactus Giant   Summ           43%        N/A       1%          6
d - Petrify               Tmut/Erth      86%        N/A       1%          4
e - Spider Form           Tmut/Pois      86%        N/A       1%          3
f - Foxfire               Conj/Fire      100%       2x1d9     0%          1
g - Volatile Blastmotes   Fire/Tloc      100%       2d18      1%          3
h - Yara's Violent Unrav  Hex/Tmut       43%        3d17      1%          5
i - Blade Hands           Tmut           43%        N/A       1%          5
j - Call Imp              Summ           100%       N/A       1%          2
k - Stone Arrow           Conj/Erth      100%       3d13      1%          3
s - Iron Shot             Conj/Erth      43%        9d8       1%          6
Your spell library was empty.

Dungeon Overview and Level Annotations

Branches:
Dungeon (14/15) Zot: 26439  Temple (1/1) D:5 Zot: 5947    Lair (5/5) D:11 Zot: 24100
 Shoals (4/4) Lair:2 Zot: 20093   Snake (0/4) Lair:3        Slime (0/5) Lair:5
    Orc (2/2) D:12 Zot: 10070     Elf (0/3) Orc:2        Vaults (0/5) D:14
  Sewer (visited)           IceCv (visited)         Volcano (visited)
Gauntlet (visited)

Altars:
Ashenzari
Cheibriados
Dithmenos
Elyvilon
Fedhas
Gozag
Hepliaklqana
Makhleb
Nemelex Xobeh
Okawaru
Qazlal
Ru
Trog
Uskayaw
Wu Jian
Xom
Yredelemnul
Zin
The Shining One
Jiyva

Shops:
D:1 [   D:6 [*   D:8 *   Orc:1 =[[   Orc:2 =(*[

Annotations:
Lair:1 exclusion: oklob plant


Innate Abilities, Weirdness & Mutations

You are immune to sickness and miasma.
You are immune to poison.
Your flesh is very heat resistant. (rF++)
You are vulnerable to cold. (rC-)
You float through the air rather than walking.
You learn spells naturally, not from books.
Your magical power is your life essence.
You have superior vitality. (+4 MHP)


Message History

The silver javelin pierces through you!
The satyr plays a rousing melody on his pipes!
The fauns go into a battle-frenzy!
The faun shoots a sling bullet.
The sling bullet hits you but does no damage.
The faun points at you and mumbles some strange words.
You resist with almost no effort.
You take 25 damage, and have 106/133 hp.
Unknown command.
The iron shot hits the harpy!!!
You kill the harpy!
Makhleb accepts your kill.
You feel better.
The harpy screeches!
The manticore flicks its tail.
The volley of spikes hits you but does no damage.
The faun shoots a sling bullet.
The sling bullet barely misses you.
The satyr unwields a +0 club.
The satyr wields a +0 longbow.
The satyr shoots an arrow.
The arrow hits you!!
* * * LOW HITPOINT WARNING * * *
The merfolk javelineer throws a silver javelin.
The silver javelin pierces through you!
* * * LOW HITPOINT WARNING * * *
x2 The faun points at you and mumbles some strange words.
Your willpower is stripped away!
The faun shoots a sling bullet.
The sling bullet hits you!
* * * LOW HITPOINT WARNING * * *
Unknown command.
You take 51 damage, and have 55/133 hp.
NOW THAT'S A LOTTA DAMAGE!!
Unknown command.
The faun shoots a sling bullet.
The sling bullet hits you but does no damage.
The faun shoots a sling bullet.
The sling bullet hits you!
* * * LOW HITPOINT WARNING * * *
The merfolk javelineer throws a silver javelin.
The silver javelin pierces through you!
* * * LOW HITPOINT WARNING * * *
x2 The faun shoots a sling bullet.
The sling bullet barely misses you.
The satyr shoots an arrow.
The arrow hits you!!
You die...

..~~~.~~~~~~~≈≈
.~~~~.~~~~~~~~≈
~~~~~.~~~~~~~~~
.~~~~~....~~PP
.~~~H......~#
c.~.........##
#.........~P~#.
.......@....~~~
~~~....H....~~~
~~~~.....~~~#~~
~~~....~~~~~#
~~~.~~~~~~~.c.
~~~~~~~~~~~...P
~~..~~~~~....c.
~~~~~~~~.m.H.c.


You could see a merfolk javelineer, a satyr, 3 fauns, a manticore and 2 harpies.

Vanquished Creatures
  Jorgrun (Orc:1)
  Kirke (D:12)
  Donald (Shoals:1)
  An orc warlord (Orc:1)
  A reaper (IceCv)
  2 eleionomae (Shoals:2)
  A minotaur (Gauntlet)
  A merfolk javelineer (Shoals:2)
  A fire dragon (Lair:5)
  5 merfolk impalers
  5 hydras
  Erica (D:8)
  2 centaur warriors (D:14)
  3 two-headed ogres
  3 merfolk aquamancers
  2 merfolk avatars
  An alligator snapping turtle (Shoals:4)
  2 death yaks (Lair:5)
  3 boulder beetles
  4 satyrs
  4 orc high priests (Orc:2)
  A hell knight (Volcano)
  2 skysharks
  2 sun demons (Shoals:3)
  9 sea snakes
  A swamp dragon (Lair:5)
  A slime creature (D:12)
  A deep elf pyromancer (Volcano)
  A necromancer (D:14)
  23 fauns
  3 orc knights
  4 orc sorcerers (Orc:2)
  16 harpies
  3 ugly things (D:14)
  3 salamanders (Volcano)
  22 elephants
  6 merfolk sirens
  7 cyclopes
  4 manticores
  9 water nymphs
  An ice statue (IceCv)
  7 black mambas
  3 gargoyles (Volcano)
  5 molten gargoyles (Volcano)
  A torpor snail (Lair:5)
  12 cane toads
  Maggie (D:7)
  5 rime drakes
  An unseen horror (D:11)
  12 komodo dragons
  2 efreet
  2 anaconda simulacra (IceCv)
  3 trolls
  3 nameless horrors
  5 polar bears
  2 wind drakes
  25 merfolk
  A tyrant leech (Gauntlet)
  13 blink frogs
  5 dream sheep (Shoals:3)
  6 snapping turtles
  Grinder (D:3)
  5 hornets
  Prince Ribbit (D:7)
  Sigmund (D:2)
  A shadow (D:10)
  64 yaks
  7 water elementals
  A vampire (D:10)
  6 wyverns
  A dire elephant simulacrum (IceCv)
  A human (Lair:4)
  A hog (D:12)
  10 basilisks
  Grum (D:8)
  Menkaure (D:5)
  6 steam dragons
  3 vampire mosquitoes (D:12)
  3 death yak simulacra
  A warg (Orc:2)
  2 nagas (Lair:3)
  4 swamp worms (Gauntlet)
  A harpy simulacrum (IceCv)
  2 acid dragons
  14 water moccasins
  2 hydra simulacra (IceCv)
  29 orc warriors
  2 swamp drakes (Lair:5)
  5 black bears
  3 ice beasts
  A sky beast (D:7)
  5 ogres
  8 wolves
  2 centaurs
  2 phantoms
  Blork the orc (D:5)
  7 bullfrogs
  5 two-headed ogre simulacra
  A scorpion (D:4)
  18 wights
  3 elephant simulacra
  An electric eel (Lair:2)
  5 howler monkeys
  4 jellies
  Crazy Yiuf (D:3)
  A gnoll bouda (D:9)
  16 orc priests
  4 hounds
  3 sleepcaps
  Ijyb (D:4)
  10 iguanas
  Natasha (thrice) (D:2)
  2 lightning spires (Gauntlet)
  32 orc wizards
  2 polar bear simulacra
  5 troll simulacra
  7 spriggan simulacra
  A wolf simulacrum (D:13)
  Robin (D:2)
  6 gnolls
  3 naga simulacra (IceCv)
  9 adders
  A river rat (D:3)
  A shadow imp (D:7)
  7 white imps
  5 ufetubi (IceCv)
  7 worms
  A dart slug (D:1)
  62 orcs
  8 bats
  7 endoplasms
  3 giant cockroaches
  17 goblins
  9 hobgoblins
  6 jackals
  10 kobolds
  4 quokkas
  7 ball pythons
  2 frilled lizards (D:1)
  5 rats
789 creatures vanquished.

Vanquished Creatures (collateral kills)
  2 ugly things (D:14)
  A faun (Shoals:2)
  A water nymph (Shoals:2)
  A troll (D:12)
  A merfolk (Shoals:1)
  2 raiju (Gauntlet)
  2 slime creatures (D:12)
  2 water elementals (Shoals:1)
  3 yaks (Lair:5)
  3 hogs (D:12)
  A death yak simulacrum (IceCv)
  A vampire mosquito (D:12)
  A harpy simulacrum (IceCv)
  4 orc warriors
  A gnoll sergeant (D:12)
  A two-headed ogre simulacrum (IceCv)
  An elephant simulacrum (IceCv)
  8 orc priests
  An orc wizard (Orc:2)
  A spriggan simulacrum (IceCv)
  2 troll simulacra (IceCv)
  A wolf simulacrum (IceCv)
  4 gnolls (D:12)
  3 naga simulacra (IceCv)
  2 white imps (IceCv)
  2 ufetubi (IceCv)
  8 orcs
  A foxfire (Lair:2)
61 creatures vanquished.

Vanquished Creatures (others)
  A merfolk aquamancer (Shoals:3)
  A swamp drake (Lair:5)
  1027 foxfires
  51 fungi
  229 plants
  A withered plant (Gauntlet)
1310 creatures vanquished.

Grand Total: 2160 creatures vanquished

Notes
Turn   | Place    | Note
-------+----------+-------------------------------------------
     0 | D:1      | decrepitude the Djinni Earth Elementalist began the quest
                  | for the Orb.
     0 | D:1      | decrepitude set off with the following spells memorised:
                  | Sandblast, Passwall, Stone Arrow, Petrify.
     0 | D:1      | Reached XP level 1. HP: 15/15 MP: 0/0
    15 | D:1      | Found Wumate Vure's Antique Armour Shoppe.
   175 | D:1      | Reached XP level 2. HP: 19/21 MP: 0/0
   373 | D:1      | Found a faded altar of an unknown god.
   376 | D:1      | Reached XP level 3. HP: 23/25 MP: 0/0
   376 | D:1      | Learned a level 1 spell: Foxfire
   730 | D:2      | Noticed Natasha
   880 | D:2      | Reached XP level 4. HP: 29/31 MP: 0/0
   913 | D:2      | Killed Natasha
   968 | D:2      | Noticed Sigmund
   986 | D:2      | Killed Sigmund
   987 | D:2      | Reached skill level 5 in Spellcasting
   987 | D:2      | Reached XP level 5. HP: 16/35 MP: 0/0
   987 | D:2      | Learned a level 2 spell: Call Imp
   987 | D:2      | Reached XP level 6. HP: 19/40 MP: 0/0
   995 | D:2      | Noticed Robin
  1090 | D:2      | Noticed Natasha
  1098 | D:2      | Killed Natasha
  1106 | D:2      | Noticed Natasha
  1107 | D:2      | Killed Natasha
  1325 | D:2      | Killed Robin
  1838 | D:3      | Noticed Grinder
  1845 | D:3      | Killed Grinder
  1846 | D:3      | Reached skill level 1 in Fighting
  1846 | D:3      | Reached XP level 7. HP: 29/47 MP: 0/0
  1846 | D:3      | Learned a level 3 spell: Spider Form
  2151 | D:3      | Found a glowing drain.
  2155 | Sewer    | Entered a sewer
  2187 | Sewer    | Noticed a water moccasin
  2196 | Sewer    | Killed a water moccasin
  2197 | Sewer    | Reached skill level 2 in Fighting
  2369 | D:3      | Found a runed translucent door.
  2370 | D:3      | Noticed Crazy Yiuf
  3268 | D:3      | Killed Crazy Yiuf
  3269 | D:3      | Reached XP level 8. HP: 49/55 MP: 0/0
  3502 | D:4      | Reached skill level 3 in Fighting
  3755 | D:4      | Noticed Ijyb
  3763 | D:4      | Killed Ijyb
  4063 | D:4      | Noticed a wyvern
  4066 | D:4      | Killed a wyvern
  4067 | D:4      | Reached skill level 4 in Fighting
  4269 | D:5      | Entered Level 5 of the Dungeon
  4305 | D:5      | Found a staircase to the Ecumenical Temple.
  4343 | Temple   | Entered the Ecumenical Temple
  4382 | Temple   | Became a worshipper of Makhleb the Destroyer
  4514 | D:5      | Reached skill level 5 in Fighting
  4525 | D:5      | Noticed Blork the orc
  4530 | D:5      | Killed Blork the orc
  4531 | D:5      | Reached XP level 9. HP: 59/65 MP: 0/0
  4531 | D:5      | Learned a level 3 spell: Volatile Blastmotes
  4612 | D:5      | Noticed Menkaure
  4621 | D:5      | Killed Menkaure
  4940 | D:6      | Reached skill level 6 in Fighting
  5166 | D:6      | Found Ulyhed's Antique Armour Shop.
  5257 | D:6      | Found a basalt altar of Yredelemnul.
  5258 | D:6      | Found a shadowy altar of Dithmenos.
  5604 | D:6      | Found Pityacs's General Store.
  5611 | D:6      | Bought a scroll of teleportation for 33 gold pieces
  5929 | D:7      | Reached * piety under Makhleb
  5930 | D:7      | Reached skill level 7 in Fighting
  5945 | D:7      | Noticed Maggie
  5956 | D:7      | Noticed Prince Ribbit
  5959 | D:7      | Killed Maggie
  5965 | D:7      | Reached XP level 10. HP: 36/75 MP: 0/0
  5976 | D:7      | Killed Prince Ribbit
  6160 | D:7      | Reached skill level 8 in Fighting
  7570 | D:8      | Found Pasoaj's Assorted Antiques.
  7577 | D:8      | Bought a scroll of teleportation for 90 gold pieces
  7577 | D:8      | Bought a scroll labelled SEUHIZ JULLO for 30 gold pieces
  7577 | D:8      | Bought a scroll labelled TIRHADD ZABBAW for 30 gold pieces
  7577 | D:8      | Bought a red potion for 27 gold pieces
  7577 | D:8      | Bought a red potion for 27 gold pieces
  7642 | D:8      | Reached skill level 9 in Fighting
  7968 | D:8      | Noticed Erica
  7977 | D:8      | Killed Erica
  7978 | D:8      | Reached skill level 10 in Fighting
  7978 | D:8      | Reached XP level 11. HP: 49/85 MP: 0/0
  7978 | D:8      | Learned a level 5 spell: Yara's Violent Unravelling
  8278 | D:8      | Reached ** piety under Makhleb
  8279 | D:8      | Reached skill level 10 in Spellcasting
  8663 | D:8      | Noticed Maurice
  8664 | D:8      | Maurice changed into Maurice the steam dragon
  8664 | D:8      | Noticed Maurice
  8672 | D:8      | Killed Maurice the steam dragon
  8673 | D:8      | Reached skill level 11 in Fighting
  8955 | D:8      | Noticed Grum
  8981 | D:8      | Killed Grum
  9910 | D:9      | Reached skill level 12 in Fighting
 10347 | D:9      | Reached skill level 1 in Armour
 10631 | D:9      | Reached *** piety under Makhleb
 10693 | D:10     | Entered Level 10 of the Dungeon
 11203 | D:11     | Reached XP level 12. HP: 82/95 MP: 0/0
 11450 | D:11     | Reached skill level 5 in Dodging
 11474 | D:11     | Found a staircase to the Lair.
 11834 | D:11     | Noticed a two-headed ogre
 11840 | D:11     | Killed a two-headed ogre
 12323 | Lair:1   | Entered Level 1 of the Lair of Beasts
 12473 | Lair:1   | Reached skill level 5 in Armour
 12601 | Lair:1   | Found an iron altar of Okawaru.
 12636 | Lair:1   | Reached **** piety under Makhleb
 13546 | Lair:2   | Reached XP level 13. HP: 101/101 MP: 0/0
 13546 | Lair:2   | Learned a level 5 spell: Blade Hands
 13680 | Lair:2   | Found a staircase to the Shoals.
 14483 | Lair:3   | Found a staircase to the Snake Pit.
 14880 | Lair:4   | Identified a scroll of acquirement
 14880 | Lair:4   | Acquired 1068 gold pieces
 15157 | Lair:4   | Noticed Sonja
 15269 | Lair:4   | Found a dark tunnel.
 15284 | Volcano  | Entered a volcano
 15460 | Volcano  | Noticed an orb of fire
 15540 | Volcano  | Noticed an orb of fire
 15546 | Volcano  | Reached ***** piety under Makhleb
 15549 | Volcano  | Reached skill level 10 in Dodging
 15620 | Volcano  | Reached XP level 14. HP: 101/107 MP: 0/0
 16182 | Lair:4   | Reached skill level 10 in Armour
 16767 | Lair:5   | Entered Level 5 of the Lair of Beasts
 16797 | Lair:4   | Sonja changed into Sonja the human
 16797 | Lair:4   | Noticed Sonja
 16800 | Lair:4   | Killed Sonja the human
 16820 | Lair:5   | Found a viscous altar of Jiyva.
 16919 | Lair:5   | Found a staircase to the Slime Pits.
 17767 | Lair:5   | Reached XP level 15. HP: 106/113 MP: 0/0
 17767 | Lair:5   | Learned a level 6 spell: Summon Cactus Giant
 18623 | D:12     | Found a staircase to the Orcish Mines.
 18676 | D:12     | Reached skill level 13 in Fighting
 18682 | D:12     | Reached ****** piety under Makhleb
 18862 | D:12     | You are sucked into a shaft and drop 2 floors!
 18902 | D:14     | Found a gate to the Vaults.
 18974 | D:14     | Found a gate leading to a gauntlet.
 18988 | Gauntlet | Entered a Gauntlet
 18988 | Gauntlet | Found a transporter.
 18988 | Gauntlet | Found a transporter.
 19035 | Gauntlet | Found a transporter.
 19052 | Gauntlet | Found a transporter.
 19066 | Gauntlet | Found a transporter.
 19066 | Gauntlet | Found a transporter.
 19066 | Gauntlet | Found a transporter.
 19069 | Gauntlet | Found a transporter.
 19069 | Gauntlet | Found a transporter.
 19081 | Gauntlet | Found a transporter.
 19099 | Gauntlet | Found a transporter.
 19109 | Gauntlet | Found a transporter.
 19126 | Gauntlet | Found a transporter.
 19144 | Gauntlet | Found a transporter.
 19404 | Gauntlet | Identified the ring of the Original Sin {Wiz rCorr}
 19432 | Gauntlet | Identified the +2 cloak of Bauh {Rampage rPois Regen+
                  | Dex-2}
 19451 | Gauntlet | HP: 3/115 [tyrant leech (18)]
 19709 | Gauntlet | Identified the +0 pair of gloves of Generosity {rC+ Str-4
                  | SInv}
 19709 | Gauntlet | Identified the +0 fire dragon scales of Melancholy {*Slow
                  | rF++ rC- Dex+3 Stlth+}
 19709 | Gauntlet | Identified the +2 leather armour "Nuqihek" {Dex+3}
 19942 | D:13     | Found a frozen archway.
 19969 | IceCv    | Entered an ice cave
 20390 | IceCv    | Noticed a reaper
 20547 | IceCv    | Reached skill level 14 in Fighting
 20611 | IceCv    | Killed a reaper
 20646 | IceCv    | Identified the +0 pair of gloves of the Puckish God
                  | {Rampage +Blink rN+}
 20894 | D:12     | Noticed Kirke
 20914 | D:12     | Killed Kirke
 21151 | Orc:1    | Entered Level 1 of the Orcish Mines
 21151 | Orc:1    | You are sucked into a shaft and drop 1 floor!
 21151 | Orc:2    | Entered Level 2 of the Orcish Mines
 21234 | Orc:2    | Found a staircase to the Elven Halls.
 21589 | Orc:1    | Found a transporter.
 21593 | Orc:1    | Found Fiqi Ypt's Armour Emporium.
 21633 | Orc:1    | Found Goulaos's Antique Armour Shop.
 21641 | Orc:1    | Found a transporter.
 21642 | Orc:1    | Found Joiqun's Jewellery Shop.
 22040 | Orc:2    | Reached XP level 16. HP: 107/123 MP: 0/0
 22114 | Orc:2    | Noticed Jorgrun
 22152 | Orc:2    | Found a bloodstained altar of Trog.
 22338 | Orc:1    | Killed Jorgrun
 22487 | Orc:2    | Paralysed by an orc sorcerer for 3 turns
 22743 | Orc:2    | Found Waib's General Store.
 22744 | Orc:2    | Found Onurimoka's Jewellery Shoppe.
 22746 | Orc:2    | Found Veusoqus's Antique Armour Emporium.
 22746 | Orc:2    | Found Axach's Antique Weapon Emporium.
 22751 | Orc:2    | Bought a scroll of teleportation for 45 gold pieces
 23055 | Orc:1    | Bought the ring "Goshast" {Wiz Drain Will++ SInv Stlth+}
                  | for 838 gold pieces
 23166 | Shoals:1 | Entered Level 1 of the Shoals
 23538 | Shoals:1 | Noticed Donald
 23561 | Shoals:1 | Killed Donald
 25258 | Shoals:2 | Reached XP level 17. HP: 130/130 MP: 0/0
 25258 | Shoals:2 | Learned a level 6 spell: Iron Shot
 25462 | Shoals:2 | Reached skill level 15 in Fighting
 26003 | Shoals:3 | Identified the +4 rapier of Ashenzari {freeze, rC+}
 26070 | Shoals:3 | Reached skill level 15 in Spellcasting
 26315 | Shoals:3 | Reached skill level 16 in Fighting
 26539 | Shoals:4 | Entered Level 4 of the Shoals
 27147 | Shoals:4 | Shot with an arrow by a satyr

Illustrated notes

Levels and vault maps discovered:
D:1:      sevenhm_arrival_forest_fort_small_4, layout_rooms,
          chequers_ecumenical_altar_simple_redux, serial_shops, shop,
          minmay_cut_off
D:2:      layout_basic, minivault_4, uniq_natasha, uniq_sigmund, uniq_robin
D:3:      layout_loops_ring, gup_sewer_entry_spiral, serial_co_window_serial,
          co_window_corner_a, co_window_paths_a, co_window_corner_a,
          co_window_cross_1, co_window_of_opportunity_a,
          co_window_of_opportunity_c, co_window_broadway_a, co_window_paths_c,
          co_window_corner_b, co_window_2corner, co_window_broadway_a,
          co_window_paths_d, glass_columns_a, glass_columns_a, glass_columns_a,
          glass_columns_a, glass_columns_a, minmay_misc_feat_more_columns,
          kennysheep_generic_room_4, uniq_grinder, uniq_crazy_yiuf_cottage
D:4:      nicolae_cairo_tiling_large_dashed, layout_basic, abandoned_shop,
          minmay_fractal_squares_gapless_5, uniq_ijyb
D:5:      layout_rooms, mainiacjoe_overflow_alcove_1,
          minmay_temple_entry_gardened_gates, uniq_blork_the_orc, uniq_menkaure
D:6:      layout_layer_cave, gammafunk_temple_overflow_pools, serial_shops,
          nicolae_lakefront_shop, nicolae_shop_statue_plus
D:7:      layout_cave_pods, uniq_maggie, uniq_prince_ribbit1
D:8:      layout_loops_corners, serial_shops, nicolae_shop_hallway_plus,
          st_stairs_2, serial_park_tiny_1, kennysheep_generic_room_2,
          uniq_erica, uniq_grum, uniq_maurice
D:9:      layout_gridville
D:10:     layout_basic
D:11:     layout_layer_cave, david_lair_generic, serial_park_tiny_pond,
          nicolae_kite_square_tiling_tiny
D:12:     layout_gridville, minmay_orc_entry_temple_small, minmay_microvault,
          uniq_kirke
D:13:     layout_irregular_city, portal_ice_cave_entry_ice_simulacra,
          uniq_josephine
D:14:     layout_small_grid, david_vaults_1, gauntlet_entry_generic,
          corexii_hall_statues_l, uniq_snorg
Temple:   hellmonk_temple_of_storms
Lair:1:   layout_misc_corridors, lemuel_oklob_altar
Lair:2:   layout_big_grid, elwin_shoals_entry_rooms, wad_woods_road_02,
          nicolae_lair_grazing_beasts [nicolae_sub_lair_graze_edge,
          nicolae_sub_lair_graze_edge, nicolae_sub_lair_graze_edge,
          nicolae_sub_lair_graze_edge], serial_bayou_shore_a, grunt_megastairs_2
Lair:3:   layout_misc_corridors, guppyfry_snake_entry_garden
Lair:4:   layout_layer_cave, nicolae_volcano_entry_lava_flow, st_stairs_9,
          beast_lair_carwin_3, grunt_megastairs_4, serial_bayou_shore_b,
          uniq_sonja
Lair:5:   guppyfry_lair_end_dragon, layout_regular_city,
          nicolae_slime_entry_field_trip
Shoals:1: layout_shoals, uniq_donald
Shoals:2: layout_shoals, nicolae_shoals_enchanted_isle
Shoals:3: layout_shoals, nicolae_shoals_sun_and_surf
Shoals:4: shoals_end_grunt_garden, layout_shoals
Orc:1:    layout_caves, serial_shops, nicolae_shop_drivethru, shop, shop,
          nicolae_orc_pool_cavern
Orc:2:    st_orc_congregation, layout_caves, basic_altar, uniq_jorgrun

Skill      XL: |  1  2  3  4  5  6  7  8  9 10 11 12 13 14 15 16 17 |
---------------+----------------------------------------------------+-----
Spellcasting   | 3 5 6 7 8 9 10 11 12 13 14 15 | 15.3
Fighting       | 1 2 5 7 10 12 14 16 | 16.1
Armour         | 3 6 9 12 14 | 14.1
Dodging        | 4 7 10 12 | 12.2
Stealth        | |  1.5

Action                     |  1- 3 |  4- 6 |  7- 9 | 10-12 | 13-15 | 16-18 || total
---------------------------+-------+-------+-------+-------+-------+-------++-------
  Melee: Short sword       |    27 |    10 |    26 |     8 |     5 |     2 ||    78
         Punch             |     1 |       |       |       |     1 |       ||     2
         Unarmed           |       |       |       |       |    14 |       ||    14
  Throw: Dart              |       |       |       |       |     5 |       ||     5
   Cast: Sandblast         |    16 |    10 |     8 |     4 |    12 |       ||    50
         Foxfire           |    18 |    31 |   191 |   323 |    30 |     2 ||   595
         Stone Arrow       |       |    11 |    31 |   204 |   719 |   388 ||  1353
         Volatile Blastmot |       |       |       |    20 |    31 |     3 ||    54
         Blade Hands       |       |       |       |       |     1 |       ||     1
         Summon Cactus Gia |       |       |       |       |    33 |    19 ||    52
         Yara's Violent Un |       |       |       |       |       |     5 ||     5
         Iron Shot         |       |       |       |       |       |   154 ||   154
Ability: End Transformatio |       |       |       |       |     1 |       ||     1
  Evoke: Wand              |       |       |       |     1 |     1 |       ||     2
         Phantom mirror    |       |       |       |       |     1 |       ||     1
    Use: Scroll            |       |     5 |    10 |     5 |    18 |       ||    38
         Potion            |       |       |       |     2 |     3 |     1 ||     6
   Stab: Sleeping          |     1 |       |     1 |       |       |       ||     2
 Armour: Robe              |    10 |     9 |    17 |     5 |       |       ||    41
         Ring mail         |       |       |       |    51 |   262 |   200 ||   513
  Dodge: Dodged            |    25 |    17 |    31 |   103 |   322 |   217 ||   715
